 Dungeon Crawl Stone Soup version 0.17-a0-1554-g3b847ca (webtiles) character file.

193 urechis the Conjurer (level 5, -2/28 HPs)
             Began as a Deep Elf Conjurer on July 19, 2015.
             Slain by an orc priest (5 damage)
             ... on level 3 of the Dungeon.
             The game lasted 00:05:17 (3932 turns).

urechis the Conjurer (Deep Elf Conjurer)            Turns: 3932, Time: 00:05:18

Health: -2/28      AC:  2    Str:  5    XL:     5   Next: 44%
Magic:  0/11       EV: 13    Int: 21    God:
Gold:   73         SH:  0    Dex: 15    Spells: 2 memorised, 4 levels left

rFire  . . .     SeeInvis .     e - +0 dagger
rCold  . . .     Clarity  .     a - +0 robe
rNeg   . . .     SustAt   .     (no shield)
rPois  .         Gourm    .     (no helmet)
rElec  .         Spirit   .     (no cloak)
rCorr  .         Warding  .     (no gloves)
rMut   .         Stasis   .     (no boots)
MR     .....                    (no amulet)
Stlth  ++........               (no ring)
                                (no ring)

@: not resistant to hostile enchantments, unstealthy
A: no striking features
a: no special abilities


You were on level 3 of the Dungeon.
You were not hungry.

You visited 1 branch of the dungeon, and saw 3 of its levels.

You collected 73 gold pieces.

Inventory:

Hand weapons
 e - a +0 dagger (weapon)
Armour
 a - a +0 robe (worn)
Scrolls
 d - a scroll of fear {unknown}
 f - a scroll of noise {unknown}
 i - a scroll of enchant weapon {unknown}
 k - a scroll of remove curse {unknown}
 l - 2 scrolls of identify {unknown}
Potions
 h - a potion of lignification {unknown}
 j - a potion of brilliance {unknown}
 m - a potion of curing {unknown}
Books
 b - a book of Conjurations

   Spells                             Type                      Level
   a - Magic Dart                     Conjuration                  1
   b - Searing Ray                    Conjuration                  2
   c - Dazzling Spray                 Conjuration/Hexes            3
   d - Fulminant Prism                Conjuration/Hexes            4
   e - Iskenderun's Mystic Blast      Conjuration                  4
   f - Iskenderun's Battlesphere      Conjuration/Charms           5
Comestibles
 c - 4 bread rations
 g - a meat ration
 n - a beef jerky


   Skills:
 - Level 2.4 Dodging
 - Level 2.4 Stealth
 - Level 3.0 Spellcasting
 + Level 7.1 Conjurations
 * Level 2.4 Charms


You had 4 spell levels left.
You knew the following spells:

 Your Spells              Type           Power        Failure   Level  Hunger
a - Magic Dart            Conj           ####         1%          1    None
b - Iskenderun's Battles  Conj/Chrm      ###.....     54%         5    ######.


Dungeon Overview and Level Annotations

Branches:
Dungeon (3/15)

Altars:
Ru
Trog
The Shining One


Message History

The orc priest is heavily wounded.
The orc priest hits you.
Casting: Magic Dart
Confirm with . or Enter, or press ? or * to list all spells.
Aiming: Magic Dart
Press: ? - help, Shift-Dir - straight line, f/p - orc priest
Aim: an orc priest, wearing a ring mail (heavily wounded)
The magic dart hits the orc priest.
The orc priest is heavily wounded.
The orc priest hits you.
* * * LOW HITPOINT WARNING * * *
Casting: Magic Dart
Confirm with . or Enter, or press ? or * to list all spells.
Aiming: Magic Dart
Press: ? - help, Shift-Dir - straight line, f/p - orc priest
Aim: an orc priest, wearing a ring mail (heavily wounded)
The magic dart hits the orc priest.
The orc priest is severely wounded.
The orc priest hits you.
You die...

######.######.# #..
#..........# #..
#.#......... #..
#.#.#######+# #..
#.#.# #.# #.. #...#
#####.##### #..
#...# #...'.'...#
### #...#
#.###.###.# #.#.#
#@# #.# #.# #.#.#
#o###.###'### #.#.+
............+
#.#.###+###.###'###
#.#.# #.# #.# #.#.#
#.###.# #.#.#
+.'...# #.#.#
#.##### #.#.# #.#


You could see an orc priest.

Vanquished Creatures
  3 gnolls
  8 adders
  An ooze (D:1)
  7 worms
  3 giant geckos
  3 orcs (D:3)
  7 ball pythons (D:2)
  3 giant cockroaches (D:2)
  7 goblins
  3 hobgoblins
  7 kobolds
  7 bats
  2 giant newts
  10 rats
71 creatures vanquished.

Notes
Turn   | Place    | Note
--------------------------------------------------------------
     0 | D:1      | urechis the Deep Elf Conjurer began the quest for the Orb.
     0 | D:1      | Reached XP level 1. HP: 10/10 MP: 6/6
   360 | D:1      | Reached XP level 2. HP: 15/15 MP: 5/8
   406 | D:1      | Reached skill level 5 in Conjurations
   745 | D:1      | Reached XP level 3. HP: 19/19 MP: 2/9
  1125 | D:2      | Reached skill level 6 in Conjurations
  1202 | D:2      | Reached XP level 4. HP: 24/24 MP: 6/10
  2340 | D:2      | Reached skill level 7 in Conjurations
  2340 | D:2      | Reached XP level 5. HP: 26/28 MP: 7/11
  2358 | D:2      | Learned a level 5 spell: Iskenderun's Battlesphere
  2366 | D:2      | Found a glowing golden altar of the Shining One.
  2578 | D:3      | Reached skill level 1 in Charms
  3229 | D:2      | Found a glowing golden altar of the Shining One.
  3393 | D:3      | Noticed a moth of wrath
  3396 | D:3      | Found a bloodstained altar of Trog.
  3829 | D:3      | Found a sacrificial altar of Ru.
  3932 | D:3      | Slain by an orc priest

Vault maps used:
D:1:      matt_arrival_diagonals, fountainhead
D:2:      overflow_temple_1_default, minmay_snake_closets
D:3:      nicolae_ru_sacrificial_ziggurat, tgw_trog, first_bread,
          minmay_door_square

Action                   |  1- 3 |  4- 6 || total
-------------------------+-------+-------++-------
Melee: Unarmed           |     9 |       ||     9
       Dagger            |     2 |     9 ||    11
 Cast: Magic Dart        |    63 |   129 ||   192
  Eat: Chunk             |     1 |     4 ||     5
       Meat ration       |       |     1 ||     1
